 Dungeon Crawl Stone Soup version 0.26-a0-639-g72c4674329 (webtiles) character file.

Game seed: 9338735238183662128

329 Descartes the Magician (level 6, -4/32 HPs)
             Began as a Deep Elf Air Elementalist on Sept 15, 2020.
             Was an Initiate of Gozag.
             Slain by a bullfrog skeleton (6 damage)
             ... on level 4 of the Dungeon.
             The game lasted 00:11:12 (5026 turns).

Descartes the Magician (Deep Elf Air Elementalist)  Turns: 5026, Time: 00:11:12

Health: -4/32      AC:  2    Str:  4 (5)  XL:     6   Next: 25%
Magic:  15/15      EV: 13    Int: 21 (22) God:    Gozag
Gold:   467        SH:  0    Dex: 12 (15) Spells: 2/15 levels left

rFire    . . .     SeeInvis .   r - +1 bardiche (freeze)
rCold    . . .     Faith    .   (shield currently unavailable)
rNeg     . . .     Spirit   .   e - +0 robe
rPois    .         Reflect  .   (no helmet)
rElec    .         Harm     .   (no cloak)
rCorr    .         Rampage  .   (no gloves)
MR       .....                  (no boots)
Stlth    ++........             l - amulet of the acrobat
HPRegen  0.10/turn              (no ring)
MPRegen  0.14/turn              i - ring of flight

@: lightly drained
A: no striking features
a: Potion Petition, Call Merchant, Bribe Branch, Renounce Religion, Evoke Flight


You were on level 4 of the Dungeon.
You worshipped Gozag.
Gozag was aware of your devotion.
You visited 1 branch of the dungeon, and saw 4 of its levels.

You collected 492 gold pieces.
You paid 25 gold pieces to Gozag.

Inventory:

Hand Weapons
 a - a +2 dagger of draining
 b - a +0 hunting sling
 r - a +1 bardiche of freezing (weapon)
 s - a +0 dagger
Missiles
 g - 158 stones (quivered)
 m - 46 bolts
 o - 37 sling bullets
 v - 27 arrows
 C - 5 boomerangs
 D - 5 large rocks
Armour
 e - a +0 robe (worn)
Jewellery
 i - a ring of flight (right hand)
 l - an amulet of the acrobat (around neck)
Scrolls
 h - 4 scrolls of identify
 q - a scroll of teleportation
 t - a scroll of remove curse
 x - a scroll of amnesia
Potions
 c - a potion of stabbing
 f - 2 potions of brilliance {unknown}
 j - a potion of haste {unknown}
 k - a potion of curing {unknown}
 n - a potion of might
 A - a potion of magic {unknown}


   Skills:
 + Level 0.2(0.1) Fighting
 + Level 0.1(0.0) Slings
 + Level 3.1(3.0) Dodging
 + Level 4.0(3.9) Stealth
 - Level 5.0(4.9) Spellcasting
 + Level 3.5(3.4) Conjurations
 + Level 4.5(4.4) Air Magic


You had 2 spell levels left.
You knew the following spells:

 Your Spells              Type           Power        Failure   Level
a - Shock                 Conj/Air       ###.         2%          1
b - Airstrike             Air            ###.......   17%         4
c - Static Discharge      Conj/Air       ###.....     7%          3
d - Lightning Bolt        Conj/Air       ###.......   52%         5

Your spell library contained the following spells:

 Spells                   Type           Power        Failure   Level
 Swiftness                Air            ###.....     2%          2


Dungeon Overview and Level Annotations

Branches:
Dungeon (4/15)
 Temple: D:4-7

Altars:
Gozag

Annotations:
D:4 Robin


Message History

Something barely misses you. The bullfrog skeleton hits you.
* * * LOW HITPOINT WARNING * * *
Casting: Shock (safe; 1% risk of failure)
Confirm with . or Enter, or press ? or * to list all spells.
The spell is extremely dangerous to cast (16% risk of failure)!
Continue anyway?
Okay, then.
Unknown command.
You barely miss the bullfrog skeleton.
The bullfrog skeleton is severely damaged.
The bullfrog skeleton misses you. Something hits you.
* * * LOW HITPOINT WARNING * * *
The bullfrog skeleton hits you.
* * * LOW HITPOINT WARNING * * *
Something completely misses you.
It was a potion of degeneration.
There was something very wrong with that liquid.
You feel weakened.
You feel dopey.
You feel clumsy. The bullfrog skeleton hits you.
You die...
Your body crumbles into a pile of gold.

######$
.....[.
....).. ##
.......
#.#.[.[..)
#@Z.# #...#
#. .#### .
## #.. ##.
##..##..
........#
.........#
......#.....


gg.......... You could see a bullfrog skeleton.

Vanquished Creatures
  A scorpion (D:4)
  3 orc priests
  An orc wizard (D:3)
  A worker ant (D:3)
  5 adders
  An ooze (D:1)
  An adder skeleton (D:4)
  2 dart slugs
  3 leopard geckos (D:3)
  12 orcs
  18 goblins
  4 hobgoblins
  A quokka (D:4)
  A ball python (D:4)
  6 bats
  3 frilled lizards
  10 kobolds
  10 rats
83 creatures vanquished.

Vanquished Creatures (others)
  8 plants (D:3)
8 creatures vanquished.

Grand Total: 91 creatures vanquished

Notes
Turn   | Place    | Note
-------+----------+-------------------------------------------
     0 | D:1      | Descartes the Deep Elf Air Elementalist began the quest for
                  | the Orb.
     0 | D:1      | Reached XP level 1. HP: 10/10 MP: 6/6
   218 | D:1      | Reached XP level 2. HP: 15/15 MP: 5/8
  1278 | D:2      | Reached XP level 3. HP: 4/19 MP: 3/9
  2402 | D:2      | Found an opulent altar of Gozag.
  2544 | D:2      | Became a worshipper of Gozag Ym Sagoz the Greedy
  2600 | D:3      | Reached XP level 4. HP: 24/24 MP: 6/11
  3126 | D:3      | Reached skill level 4 in Spellcasting
  3132 | D:3      | Reached XP level 5. HP: 28/28 MP: 2/13
  4047 | D:4      | Learned a level 4 spell: Airstrike
  4051 | D:4      | Learned a level 3 spell: Static Discharge
  4057 | D:4      | Learned a level 5 spell: Lightning Bolt
  4082 | D:4      | Reached skill level 5 in Spellcasting
  4083 | D:4      | Noticed Robin
  4097 | D:3      | Reached XP level 6. HP: 32/32 MP: 9/15
  4425 | D:3      | HP: 1/32 [poisoned by a scorpion]
  5026 | D:4      | Slain by a bullfrog skeleton

Illustrated notes

Levels and vault maps discovered:
D:1:      matt_arrival_diagonals, layout_loops_corners
D:2:      layout_basic, nicolae_gozag_seed_capital
D:3:      layout_loops_ring, lexackson_kobold_supper
D:4:      layout_layer_cave, serial_rivers, chequers_serial_rivers_room_b,
          chequers_serial_rivers_small_b, chequers_serial_rivers_small_b,
          chequers_serial_rivers_micro_a, skrybe_limestone_x, tgw_xom,
          uniq_robin

Skill      XL: |  1  2  3  4  5 |
---------------+----------------+-----
Dodging        | 3 |  3.1
Stealth        | 3 4 |  4.0
Spellcasting   | 4 5 |  5.0
Conjurations   | 2 3 |  3.5
Air Magic      | 4 |  4.5
Fighting       | |  0.2
Slings         | |  0.1

Action                   |  1- 3 |  4- 6 || total
-------------------------+-------+-------++-------
Melee: Bardiche          |       |     9 ||     9
 Fire: Hunting sling     |     2 |       ||     2
 Cast: Shock             |    70 |   124 ||   194
  Use: Scroll            |     5 |     5 ||    10
       Potion            |     2 |     2 ||     4
Armor: Robe              |     3 |    12 ||    15
Dodge: Dodged            |    12 |    72 ||    84

Table legend: (Time is in decaauts)
 A = Elapsed time spent in this place.
 B = Non-inter-level travel time spent in this place.
 C = Inter-level travel time spent in this place.
 D = Time resting spent in this place.
 E = Time spent auto-exploring this place.
 F = Levels seen in this place.
 G = Mean time per level.
                   A        B        C        D        E       F      G
               +--------+--------+--------+--------+--------+-----+--------+
         Total |   5041 |   4879 |    162 |      3 |   4335 |   4 | 1260.2 |
       Dungeon |   5041 |   4879 |    162 |      3 |   4335 |   4 | 1260.2 |
               +--------+--------+--------+--------+--------+-----+--------+

Top non-repeatable levels by time:
     D:3: 2198 daAuts
     D:2: 1481 daAuts
     D:1: 1098 daAuts
     D:4: 262 daAuts
